[Event "Team 45 45 League T63"]
[Site "Internet Chess Club"]
[Date "2014.11.28"]
[Round "1"]
[White "Holzschlange"]
[Black "az2112"]
[Result "1/2-1/2"]
[WhiteElo "1811"]
[BlackElo "1621"]
[Opening "Queen's pawn game, Darooha variation "]
[ECO "D11"]
[Time "21:03:23"]
[TimeControl "2700+45"]

1. Nf3 d5 2. d4 Nf6 3. c4 c6 4. Qc2 Bg4 5. Nbd2 Nbd7 6. e3 e6 7. Bd3 dxc4 8.
Bxc4 Nb6 9. Bd3 Nbd5 10. a3 Be7 11. O-O O-O 12. e4 Nf4 13. e5 Nxd3 14. exf6 Nxc1
15. fxe7 Ne2+ 16. Kh1 Qxe7 17. Qe4 Nxd4 18. Nxd4 Bh5 19. N2f3 Bg6 20. Qe3 Rfd8
21. Rfd1 Qf6 22. Ne5 Bh5 23. g4 Rd5 24. gxh5 Rxe5 25. Qg3 Rxh5 26. Rd2 Rd5 27.
Rad1 Rad8 28. Nb3 h6 29. Rxd5 {Game drawn by mutual agreement} 1/2-1/2

[Event "Team 45 45 League T63"]
[Site "Internet Chess Club"]
[Date "2014.11.28"]
[Round "1"]
[White "drsigmund1"]
[Black "Warpdrive"]
[Result "0-1"]
[WhiteElo "1514"]
[BlackElo "1629"]
[Opening "King's Indian: London system"]
[ECO "A48"]
[Time "21:03:54"]
[TimeControl "2700+45"]

1. d4 Nf6 2. Nf3 g6 3. Bf4 Bg7 4. Nc3 O-O 5. e4 d6 6. Qd2 c5 7. d5 a6 8. Be2 b5
9. Bh6 b4 10. Na4 Nxe4 11. Qe3 Nf6 12. Bxg7 Kxg7 13. O-O-O Bd7 14. b3 Bxa4 15.
bxa4 Nbd7 16. Bc4 Nb6 17. Qb3 Qd7 18. a5 Nxc4 19. Qxc4 Qb5 20. Qh4 Qxa5 21. Kb2
Rac8 22. Rhe1 Rc7 23. Re3 c4 24. Ng5 c3+ 25. Kb1 Qa3 {White resigns} 0-1

[Event "Team 45 45 League T63"]
[Site "Internet Chess Club"]
[Date "2014.11.28"]
[Round "1"]
[White "juniorVishy"]
[Black "room-matt"]
[Result "1-0"]
[WhiteElo "1899"]
[BlackElo "1893"]
[Opening "Budapest: Adler variation"]
[ECO "A52"]
[Time "15:17:31"]
[TimeControl "2700+45"]

1. d4 Nf6 2. c4 e5 3. dxe5 Ng4 4. Nf3 Bc5 5. e3 Nc6 6. a3 Ngxe5 7. b4 Bd6 8. Bb2
Qf6 9. Nc3 Nxf3+ 10. Qxf3 Be5 11. Qxf6 Bxf6 12. O-O-O Bxc3 13. Bxc3 O-O 14. Be2
d6 15. Bf3 Ne5 16. Bxe5 dxe5 17. c5 f5 18. Bd5+ Kh8 19. Bb3 a5 20. Kb2 axb4 21.
axb4 b6 22. cxb6 cxb6 23. Rd6 b5 24. Rhd1 Re8 25. Rb6 f4 26. e4 g5 27. f3 g4 28.
Rdd6 Kg7 29. Rxb5 gxf3 30. gxf3 Ra6 31. Rxa6 Bxa6 32. Rd5 Be2 33. Bd1 Bxd1 34.
Rxd1 Rb8 35. Kc3 Kf6 36. Rd6+ Kf7 37. Rd5 Ke6 38. b5 h5 39. Kb4 Rg8 40. Rd2 Rb8
41. Ka5 Ra8+ 42. Kb6 Ra3 43. Kc7 Rc3+ 44. Kb7 Rxf3 45. b6 Rb3 46. Kc7 Rc3+ 47.
Kb8 f3 48. b7 Ra3 49. Rb2 Kd7 50. Rd2+ Ke6 51. h4 Ra4 52. Kc7 Rc4+ 53. Kb6 Rb4+
54. Kc6 Rb1 55. Rc2 f2 56. Rxf2 Rc1+ 57. Kb6 Rb1+ 58. Kc7 Rc1+ 59. Kb8 Ra1 60.
Rd2 Ke7 61. Rd5 Ke6 62. Kc7 Rb1 63. b8=Q {Black resigns} 1-0

[Event "Team 45 45 League T63"]
[Site "Internet Chess Club"]
[Date "2014.12.02"]
[Round "1"]
[White "Goli"]
[Black "ausya"]
[Result "1-0"]
[WhiteElo "1892"]
[BlackElo "1731"]
[Opening "Sicilian: Alapin's variation (2.c3)"]
[ECO "B22"]
[Time "17:30:22"]
[TimeControl "2700+45"]

1. e4 c5 2. c3 g6 3. d4 cxd4 4. cxd4 d5 5. e5 Bg7 6. Nf3 Nc6 7. Bb5 Nh6 8. O-O
O-O 9. h3 f6 10. exf6 exf6 11. Nc3 Be6 12. Re1 Bf7 13. Bf4 a6 14. Bxc6 bxc6 15.
Rc1 Rc8 16. Na4 Re8 17. Rxe8+ Bxe8 18. Nc5 Qb6 19. Qe2 a5 20. Qe6+ Nf7 21. Qxc8
Bf8 22. Qxe8 Qd8 23. Qxd8 Nxd8 24. Bc7 Nf7 25. Bxa5 Nd6 26. Nd7 Nc4 27. Rxc4
dxc4 28. Nxf8 Kxf8 29. Nd2 Ke7 30. Nxc4 Ke6 31. Bc3 Kd5 32. b3 f5 33. a4 c5 34.
dxc5 Kxc5 35. a5 Kb5 36. Nd6+ Ka6 37. b4 f4 38. b5+ Ka7 39. b6+ Kb8 40. a6 g5
41. Be5 f3 42. Nf7+ Ka8 43. b7+ Ka7 44. b8=Q+ Kxa6 45. Nd6 fxg2 46. Qb7+ Ka5 47.
Qb5# {Black checkmated} 1-0

[Event "Team 45 45 League T63"]
[Site "Internet Chess Club"]
[Date "2014.11.27"]
[Round "1"]
[White "tornado100"]
[Black "zap2"]
[Result "1-0"]
[WhiteElo "1677"]
[BlackElo "1783"]
[Opening "Pirc defense"]
[ECO "B07"]
[Time "08:33:55"]
[TimeControl "2700+45"]

1. e4 d6 2. d4 Nf6 3. Nc3 e5 4. dxe5 dxe5 5. Qxd8+ Kxd8 6. Nf3 Bd6 7. Bc4 Ke7 8.
Bg5 c6 9. O-O-O Nd7 10. Bxf7 Bc5 11. Bc4 Bxf2 12. Nh4 Nb6 13. Bb3 a5 14. a3 Be6
15. Bxe6 Kxe6 16. Nf5 h6 17. Nxg7+ Kf7 18. Bxf6 Kxf6 19. Rhf1 Kxg7 20. Rxf2 Rhf8
21. Rdf1 Rxf2 22. Rxf2 Nc4 23. Ne2 Rd8 24. Ng3 Ne3 25. Nf5+ Nxf5 26. Rxf5 Rf8
27. Rxf8 Kxf8 28. Kd2 Kf7 29. Ke3 b5 30. Kd3 Kf6 31. h4 h5 32. c4 Kg6 33. b4
axb4 34. axb4 Kf6 35. c5 Kg6 36. Ke3 Kh6 37. Kf3 Kg6 38. g4 Kh6 39. gxh5 Kxh5
40. Kg3 Kg6 41. Kg4 Kf6 42. h5 Kg7 43. Kf5 Kh6 44. Kxe5 Kxh5 45. Kd6 Kg6 46. e5
Kf7 47. e6+ Ke8 48. e7 Kf7 49. Kd7 Kf6 50. e8=Q Kf5 51. Qe6+ Kf4 52. Kxc6 Kg5
53. Kd5 Kf4 54. Qe4+ Kg5 55. Ke6 Kh6 56. Qg4 Kh7 57. Kf7 {Black resigns} 1-0

[Event "Team 45 45 League T63"]
[Site "Internet Chess Club"]
[Date "2014.12.01"]
[Round "1"]
[White "Duguesclin"]
[Black "anna"]
[Result "0-1"]
[WhiteElo "1675"]
[BlackElo "1799"]
[Opening "QGD: classical variation (5.Bf4)"]
[ECO "D37"]
[Time "16:04:07"]
[TimeControl "2700+45"]

1. d4 d5 2. c4 e6 3. Nf3 Nf6 4. Nc3 Be7 5. Bf4 c6 6. c5 b6 7. b4 Nbd7 8. h3 O-O
9. e3 Nh5 10. Bh2 Nhf6 11. Bd3 h6 12. O-O Bb7 13. Qc2 Re8 14. Rfb1 b5 15. a4 a6
16. axb5 cxb5 17. e4 dxe4 18. Nxe4 Bxe4 19. Bxe4 Nxe4 20. Qxe4 Qc8 21. Ne5 Nf6
22. Qf3 Bd8 23. Bf4 Ra7 24. Nc6 Ra8 25. Bd6 Nd5 26. Ne5 Bf6 27. Qh5 Bxe5 28.
Bxe5 Qd7 29. Ra3 f6 30. Bd6 Qf7 31. Qxf7+ Kxf7 32. f4 g5 33. fxg5 hxg5 34. g4
Rec8 35. Kg2 Rc6 36. Kg3 Rh8 37. Rf3 Kg6 38. Rf2 Rcc8 39. Ra2 Nc3 40. Rxa6 Nxb1
41. c6 Nc3 42. Bc5 Nd5 43. Bd6 Ra8 44. Ra5 Rxa5 45. bxa5 b4 46. a6 b3 47. a7 Ra8
{White resigns} 0-1

[Event "Team 45 45 League T63"]
[Site "Internet Chess Club"]
[Date "2014.11.30"]
[Round "1"]
[White "unclevinny"]
[Black "divy7"]
[Result "1-0"]
[WhiteElo "1635"]
[BlackElo "1541"]
[Opening "Ruy Lopez: Graz variation"]
[ECO "C70"]
[Time "14:06:53"]
[TimeControl "2700+45"]

1. e4 e5 2. Nf3 Nc6 3. Bb5 a6 4. Ba4 b5 5. Bb3 Bc5 6. c3 Nf6 7. d3 h6 8. O-O d6
9. h3 O-O 10. Re1 Re8 11. Bc2 Bb6 12. d4 Bb7 13. d5 Ne7 14. b3 Ng6 15. Be3 Bxe3
16. Rxe3 Nh7 17. c4 bxc4 18. bxc4 Ng5 19. Ba4 Rf8 20. Qd3 Nf4 21. Qd1 Bc8 22.
Kh2 Qf6 23. Nbd2 Nfxh3 24. gxh3 Qf4+ 25. Kh1 Nxh3 26. Qf1 f5 27. Qxh3 fxe4 28.
Qh4 exf3 29. Qxf4 Rxf4 30. Rb1 Rh4+ 31. Kg1 Rg4+ 32. Kf1 Rh4 33. Rxf3 Rd4 34.
Ke1 Bg4 35. Rfb3 Rf8 36. Rb8 Bf5 37. Rxf8+ Kxf8 38. Rb8+ Ke7 39. Ra8 Bd3 40. Bb3
Rh4 41. f3 Rh2 42. Rxa6 Re2+ 43. Kd1 h5 44. Bc2 Re3 45. Bxd3 Rxd3 46. Ke2 Rd4
47. Ra3 h4 48. Rd3 Rf4 49. Kf2 g5 50. Kg2 Rf8 51. a4 Ra8 52. Ra3 Kf6 53. Kh3 Kf5
54. a5 Kf4 55. a6 g4+ 56. fxg4 e4 57. Nf1 e3 58. Nxe3 {Black resigns} 1-0

[Event "Team 45 45 League T63"]
[Site "Internet Chess Club"]
[Date "2014.11.28"]
[Round "1"]
[White "Bizzy-Ketty"]
[Black "Visin"]
[Result "1-0"]
[WhiteElo "1579"]
[BlackElo "1274"]
[Opening "Vienna gambit"]
[ECO "C29"]
[Time "10:00:10"]
[TimeControl "2700+45"]

1. e4 e5 2. Nc3 Nf6 3. f4 d6 4. Nf3 Nc6 5. Bb5 Bg4 6. O-O Qe7 7. d4 exd4 8. Qxd4
a6 9. Bxc6+ bxc6 10. Qd3 g6 11. Bd2 Bc8 12. Rfe1 Bb7 13. e5 O-O-O 14. exf6 Qxf6
15. Re2 Bg7 16. Rae1 Kb8 17. Re7 c5 18. Ng5 Rdf8 19. Qc4 Qd4+ 20. Qxd4 Bxd4+ 21.
Kh1 Bf6 22. Rxf7 Bxg5 23. Rxf8+ Rxf8 24. fxg5 Rf2 25. Bc1 Rxg2 26. h4 Rxg5+ 27.
Kh2 Rg2+ 28. Kh3 Rxc2 29. Ne2 Rc4 30. Nc3 Rd4 31. Bg5 Bc8+ 32. Kg3 Rb4 33. b3 c6
34. Bf4 Rd4 35. Re3 Bf5 36. Kf3 Kc8 37. a3 Kd7 38. Kg3 a5 39. Kf3 Rd3 40. Ke2
Rd4 41. Kf3 c4 42. b4 axb4 43. axb4 Rd3 44. Kf2 Rd4 45. Kf3 Rd3 46. Kf2 Rd4 47.
Bg5 Rd2+ 48. Kf3 Rd3 49. Kf4 Rxe3 50. Kxe3 Ke6 51. Kd4 d5 52. Bf4 Kf6 53. Bg5+
Kg7 54. Ke5 Kf7 55. Ne2 Ke8 56. Kd4 Kd7 57. Kc5 Bg4 58. Nd4 c3 59. Nxc6 c2 60.
b5 Bf3 61. Ne5+ {Black resigns} 1-0

[Event "Team 45 45 League T63"]
[Site "Internet Chess Club"]
[Date "2014.11.26"]
[Round "1"]
[White "MateIn42"]
[Black "MasterD"]
[Result "0-1"]
[WhiteElo "1345"]
[BlackElo "1483"]
[Opening "French: exchange variation"]
[ECO "C01"]
[Time "20:00:30"]
[TimeControl "2700+45"]

1. e4 e6 2. d4 d5 3. exd5 exd5 4. Nc3 Nf6 5. a3 Nc6 6. Nf3 Be7 7. Be2 Bf5 8. O-O
O-O 9. Re1 Re8 10. Bd3 Qd7 11. Ne5 Qc8 12. Bxf5 Qxf5 13. Qf3 Nxd4 14. Qxf5 Nxf5
15. Bd2 Bd6 16. f4 c6 17. Rad1 Bxe5 18. fxe5 Nd7 19. Bf4 Re6 20. Ne4 Rae8 21.
Ng5 R6e7 22. Nf3 Nf8 23. g4 Ne6 24. Bd2 Nfd4 25. Ng5 Nxg5 26. Bxg5 Nf3+ 27. Kf2
Nxg5 {White resigns} 0-1

[Event "Team 45 45 League T63"]
[Site "Internet Chess Club"]
[Date "2014.11.27"]
[Round "1"]
[White "Legomaster"]
[Black "varavind"]
[Result "0-1"]
[WhiteElo "1179"]
[BlackElo "1268"]
[Opening "Four knights: Scotch variation"]
[ECO "C47"]
[Time "20:46:46"]
[TimeControl "2700+45"]

1. e4 e5 2. Nf3 Nc6 3. Nc3 Nf6 4. d4 Bd6 5. Be3 O-O 6. Qd2 Re8 7. O-O-O exd4 8.
Nxd4 Nxe4 9. Nxe4 Rxe4 10. Bd3 Re8 11. h4 Nxd4 12. Bxd4 Be5 13. Bxe5 Rxe5 14. g4
d6 15. g5 Bf5 16. f4 Rd5 17. h5 Bxd3 18. cxd3 Qd7 19. Qh2 Qf5 20. Qh3 Qxf4+ 21.
Kb1 Qxg5 22. Rhe1 Qxh5 23. Qd7 f6 24. Rd2 Re5 25. Rdd1 Qf7 26. Qxf7+ Kxf7 27.
Rh1 h6 28. Rc1 c6 29. Rce1 Rae8 30. Rxe5 Rxe5 31. d4 Rd5 32. Rd1 h5 33. Kc2 h4
34. Kc3 h3 35. b4 g5 36. Rg1 h2 37. Rh1 Rf5 38. Rxh2 Rf3+ 39. Kc2 Ke6 40. Rh7 g4
41. Rxb7 g3 42. Rxa7 f5 43. a4 g2 44. Rg7 Rf2+ 45. Kd3 f4 46. a5 f3 47. Ke3 Rf1
48. a6 g1=Q+ 49. Rxg1 Rxg1 50. Kxf3 Ra1 51. Ke4 Rxa6 52. Kd3 Kd5 53. Kc3 Ra3+
54. Kb2 Rd3 55. Kc2 Rxd4 56. Kc3 Rc4+ 57. Kb3 Rh4 58. Ka4 Kc4 59. Ka5 d5 60. Ka4
d4 61. Ka3 d3 62. Kb2 Kxb4 63. Kc1 Kc3 64. Kb1 d2 65. Ka2 d1=Q 66. Ka3 Qa4#
{White checkmated} 0-1

[Event "Team 45 45 League T63"]
[Site "Internet Chess Club"]
[Date "2014.11.29"]
[Round "1"]
[White "Chaitanyaann"]
[Black "alexine"]
[Result "1/2-1/2"]
[WhiteElo "1383"]
[BlackElo "1573"]
[Opening "Giuoco Piano: Greco's attack"]
[ECO "C54"]
[Time "21:17:14"]
[TimeControl "2700+45"]

1. e4 e5 2. Nf3 Nc6 3. Bc4 Bc5 4. c3 Nf6 5. d4 exd4 6. cxd4 Bb4+ 7. Nc3 Nxe4 8.
Bd2 Nxd2 9. Qxd2 O-O 10. O-O d5 11. Bxd5 Bxc3 12. Bxf7+ Rxf7 13. Qxc3 Bg4 14.
Ne5 Nxe5 15. dxe5 Qd5 16. Rae1 Qxa2 17. f4 Qd5 18. h3 Bf5 19. Rf3 Rd8 20. Rfe3
Be6 21. Qb4 a5 22. Qa4 b5 23. Qxa5 Rxf4 24. Qxc7 Rdf8 25. Qd6 Qa2 26. b3 Qf2+
27. Kh2 Bxh3 28. Rxh3 Qxe1 29. Qd3 h6 30. Rxh6 gxh6 31. Qg6+ Kh8 32. Qxh6+ Kg8
33. Qg6+ Kh8 34. Qh6+ {Game drawn by mutual agreement} 1/2-1/2

[Event "Team 45 45 League T63"]
[Site "Internet Chess Club"]
[Date "2014.11.30"]
[Round "1"]
[White "g8wrb"]
[Black "Elton2013"]
[Result "1/2-1/2"]
[WhiteElo "1267"]
[BlackElo "1511"]
[Opening "Ruy Lopez: Classical defense deferred"]
[ECO "C70"]
[Time "14:00:26"]
[TimeControl "2700+45"]

1. e4 e5 2. Nf3 Nc6 3. Bb5 a6 4. Ba4 Bc5 5. Nxe5 Nxe5 6. d4 b5 7. Bb3 Qh4 8. O-O
Qxe4 9. dxe5 Bb7 10. Qf3 Qxf3 11. gxf3 Bxf3 12. Bf4 Ne7 13. Nc3 O-O 14. Rfe1 Ng6
15. Be3 Bb4 16. a3 Bxc3 17. bxc3 Nxe5 18. Bf4 d6 19. Bxe5 dxe5 20. Rxe5 Rae8 21.
Rae1 Bc6 22. c4 Rxe5 23. Rxe5 Re8 24. Rxe8+ Bxe8 25. cxb5 axb5 26. c4 bxc4 27.
Bxc4 Ba4 28. Kf1 Kf8 29. Ke2 Ke7 30. Kd3 c5 31. Ke4 Bc6+ 32. Bd5 Kd6 33. Bxc6
Kxc6 34. Kd3 Kb5 35. Kc3 c4 36. a4+ Kc5 37. f4 h6 38. a5 Kb5 39. h4 Kxa5 40.
Kxc4 Kb6 41. Kd5 Kc7 42. f5 Kd7 43. Ke5 Ke7 44. h5 f6+ 45. Ke4 Ke8 46. Kd4 Kd8
47. Kc5 Kc7 48. Kd5 Kd7 49. Kc5 {Game drawn by mutual agreement} 1/2-1/2

[Event "Team 45 45 League T63"]
[Site "Internet Chess Club"]
[Date "2014.12.01"]
[Round "1"]
[White "Uku"]
[Black "nosir"]
[Result "0-1"]
[WhiteElo "1344"]
[BlackElo "1471"]
[Opening "Sicilian: closed"]
[ECO "B23"]
[Time "19:00:43"]
[TimeControl "2700+45"]

1. e4 c5 2. Nc3 d6 3. f4 Nf6 4. d3 Nc6 5. Nh3 e6 6. Be3 Be7 7. d4 cxd4 8. Bxd4
Nxd4 9. Qxd4 O-O 10. Be2 a6 11. O-O b5 12. b4 Bb7 13. e5 Nd5 14. Nxd5 Bxd5 15.
exd6 Bf6 16. Qd3 Bxa1 17. Rxa1 Qxd6 18. Ng5 g6 19. g3 Qb6+ 20. Kf1 Rad8 21. Qc3
Rc8 22. Qb2 Bc4 23. Bxc4 Rxc4 24. a3 Qc7 25. Rc1 Rc8 26. f5 exf5 27. Qf6 Rc6 28.
Qd4 Rxc2 29. Rxc2 Qxc2 30. Qf6 Qc4+ 31. Kg2 Qc6+ 32. Qxc6 Rxc6 33. Kh3 Rc3 34.
Kh4 Rxa3 35. h3 Rb3 36. g4 Rxb4 37. Nf3 a5 38. Kg5 a4 39. Kh6 fxg4 40. hxg4 Rxg4
41. Nd2 a3 42. Nb3 a2 43. Na1 Rg1 44. Nb3 f6 45. Na1 Rh1# {White checkmated} 0-1

[Event "Team 45 45 League T63"]
[Site "Internet Chess Club"]
[Date "2014.11.26"]
[Round "1"]
[White "SeniorCitizen"]
[Black "mindstorm"]
[Result "1/2-1/2"]
[WhiteElo "1442"]
[BlackElo "1496"]
[Opening "Sicilian: accelerated fianchetto, modern variation"]
[ECO "B34"]
[Time "14:00:26"]
[TimeControl "2700+45"]

1. e4 c5 2. Nf3 Nc6 3. Nc3 g6 4. d4 cxd4 5. Nxd4 Bg7 6. Nb3 Nf6 7. Be2 O-O 8.
O-O Re8 9. Be3 a6 10. Qc1 d6 11. Kh1 Bg4 12. Bxg4 Nxg4 13. Bf4 e5 14. Bg3 Bh6
15. Qd1 Nf6 16. f4 exf4 17. Bxf4 Bxf4 18. Rxf4 Nh5 19. Rf3 Ne5 20. Rf1 Qh4 21.
Qe1 Qxe1 22. Raxe1 Nc4 23. Nd5 Rac8 24. Nf6+ Nxf6 25. Rxf6 Nxb2 26. Rxd6 Rxc2
27. Na5 Rec8 28. Nxb7 Rc1 29. Rd8+ Rxd8 30. Rxc1 Rd1+ 31. Rxd1 Nxd1 32. Nc5 Nc3
33. a4 a5 34. Kg1 Kf8 35. Kf2 Ke7 36. Ke3 Kd6 37. Kd4 Ne2+ 38. Kc4 Kc6 39. Nb3
Kb6 {Game drawn by mutual agreement} 1/2-1/2

[Event "Team 45 45 League T63"]
[Site "Internet Chess Club"]
[Date "2014.11.29"]
[Round "1"]
[White "mongmong"]
[Black "bmw2002"]
[Result "1-0"]
[WhiteElo "1620"]
[BlackElo "1509"]
[Opening "Neo-Grünfeld, 6.cd Nxd5, 7.O-O"]
[ECO "D74"]
[Time "21:03:34"]
[TimeControl "2700+45"]

1. d4 Nf6 2. Nf3 g6 3. c4 Bg7 4. g3 O-O 5. Bg2 d5 6. cxd5 Nxd5 7. O-O Nc6 8. e4
Nb6 9. d5 Ne5 10. Nxe5 Bxe5 11. Nc3 e6 12. f4 Bg7 13. dxe6 Bxe6 14. e5 c6 15. b3
Nd5 16. Nxd5 Bxd5 17. Bxd5 cxd5 18. Bb2 Qb6+ 19. Bd4 Qa5 20. Rf3 Rfd8 21. Rd3 a6
22. Qd2 Qxd2 23. Rxd2 Rac8 24. Rad1 Bf8 25. Kf1 Bc5 26. Bxc5 Rxc5 27. Ke2 Kf8
28. a3 Rc3 29. Rd3 Rxd3 30. Rxd3 Ke7 31. Ke3 Ke6 32. Kd4 Rc8 33. g4 h6 34. Rf3
Rd8 35. f5+ gxf5 36. gxf5+ Ke7 37. Rh3 f6 38. e6 Kd6 39. Rxh6 Rg8 40. Rxf6 Rg4+
41. Ke3 d4+ 42. Kd3 Ke5 43. Rf7 Rf4 44. e7 Rf3+ 45. Ke2 Re3+ 46. Kd2 Kf4 47. f6
Kf3 48. Rg7 Kf2 49. Rg3 Re2+ 50. Kd3 Re3+ 51. Kxd4 {Black resigns} 1-0

[Event "Team 45 45 League T63"]
[Site "Internet Chess Club"]
[Date "2014.11.28"]
[Round "1"]
[White "Mitochondria"]
[Black "julesraider"]
[Result "1-0"]
[WhiteElo "1483"]
[BlackElo "1569"]
[Opening "King's Indian: orthodox, Aronin-Taimanov, 9.Ne1"]
[ECO "E98"]
[Time "23:30:29"]
[TimeControl "2700+45"]

1. d4 Nf6 2. c4 g6 3. Nc3 Bg7 4. e4 d6 5. Nf3 O-O 6. Be2 e5 7. O-O Nc6 8. d5 Ne7
9. Ne1 c6 10. Nd3 cxd5 11. cxd5 Ne8 12. Be3 f5 13. f3 Nf6 14. Qb3 h6 15. Rac1
Rf7 16. Rc2 fxe4 17. fxe4 Kh7 18. Nf2 b6 19. Rfc1 Nd7 20. Nd3 Nc5 21. Nxc5 bxc5
22. Rd2 Bd7 23. Rf1 Rxf1+ 24. Bxf1 Rb8 25. Qd1 Qf8 26. Rf2 Qe8 27. Bc4 g5 28.
Qf1 Ng6 29. Bc1 Nf4 30. Nd1 Bb5 31. Ne3 Bd7 32. Bb3 Qc8 33. Nc4 Qc7 34. h4 Bb5
35. g3 Bxc4 36. Bxc4 Nh5 37. Rf7 Qc8 38. Qg2 Qg4 39. Be2 Nf4 40. Bxg4 Nxg2 41.
Kxg2 a5 42. Bf5+ Kg8 43. Be6 Kh7 44. Ra7 gxh4 45. gxh4 h5 46. b3 Kh8 47. Rxa5
Rf8 48. Bf5 Rg8 49. Be6 Rb8 50. Bg5 c4 51. bxc4 Rb2+ 52. Kf3 Rb8 53. Rb5 Rf8+
54. Ke2 Ra8 55. Rb2 Kh7 56. Kd3 Ra3+ 57. Kc2 Ra4 58. Kb3 Ra6 59. a4 Rb6+ 60. Ka3
Ra6 61. Rb5 Ra7 62. a5 Bh6 63. Bxh6 Kxh6 64. Bf5 Kg7 65. Ka4 Kf6 66. Rb6 Ke7 67.
a6 {Black resigns} 1-0

[Event "Team 45 45 League T63"]
[Site "Internet Chess Club"]
[Date "2014.11.29"]
[Round "1"]
[White "rkaebi"]
[Black "Zyme"]
[Result "1-0"]
[WhiteElo "1424"]
[BlackElo "1333"]
[Opening "French defense"]
[ECO "C00"]
[Time "00:04:38"]
[TimeControl "2700+45"]

1. e4 e6 2. Nf3 d5 3. exd5 exd5 4. b3 Nf6 5. Bb2 Bb4 6. a3 Ba5 7. Be2 O-O 8. O-O
Nbd7 9. b4 Bb6 10. Bb5 c6 11. Ba4 Re8 12. d3 Nf8 13. c4 Bg4 14. Nbd2 a6 15. Bxf6
Qxf6 16. cxd5 Bd7 17. Ne4 Qh6 18. dxc6 Bxc6 19. Bxc6 Qxc6 20. Rc1 Qd7 21. Qb3
Rad8 22. Rfd1 Ne6 23. Rc4 Nf4 24. g3 Ne2+ 25. Kg2 Nf4+ 26. gxf4 Qg4+ 27. Ng3 Re2
28. Rf1 h5 29. f5 Bd4 30. h3 Rb2 31. Qxb2 Qxf3+ 32. Kxf3 Bxb2 33. Rd1 Bxa3 34.
d4 Rd5 35. Ke4 Rb5 36. d5 Kf8 37. d6 Bxb4 38. d7 Be7 39. Rc8+ Bd8 40. Rxd8+ Ke7
41. Re8+ Kf6 42. d8=Q# {Black checkmated} 1-0

[Event "Team 45 45 League T63"]
[Site "Internet Chess Club"]
[Date "2014.11.30"]
[Round "1"]
[White "chuckh2"]
[Black "guyd52"]
[Result "1-0"]
[WhiteElo "1445"]
[BlackElo "1326"]
[Opening "King's Indian: London system"]
[ECO "A45"]
[Time "08:00:39"]
[TimeControl "2700+45"]

1. d4 Nf6 2. Bf4 g6 3. Nf3 Bg7 4. e3 d6 5. h3 O-O 6. Be2 Bf5 7. Nbd2 Nbd7 8. Nh4
Be4 9. Nxe4 Nxe4 10. Bd3 Nef6 11. Nf3 c6 12. c3 Qb6 13. Qb3 Qxb3 14. axb3 Rfe8
15. Bh2 a5 16. O-O b5 17. Ra2 Nb6 18. Rfa1 a4 19. bxa4 Nxa4 20. c4 bxc4 21. Bxc4
Nb6 22. Bb3 Rxa2 23. Rxa2 Ra8 24. Rxa8+ Nxa8 25. Ne1 Nb6 26. f3 Ne8 27. Kf1 Nc7
28. Ke2 Bf8 29. Nd3 e6 30. Nb4 Nb5 31. Nxc6 d5 32. Be5 Bg7 33. Kd3 Bxe5 34. Nxe5
h5 35. h4 Kf8 36. g4 f6 37. Nxg6+ Kf7 38. gxh5 Nd6 39. Nf4 Nf5 40. Ng2 Kg7 41.
Bd1 Ng3 42. f4 Ne4 43. Bf3 Nf2+ 44. Kc2 Kh6 45. Ne1 Nc4 46. Ng2 Nh1 47. b4 Ng3
48. b5 Nxh5 49. Be2 Nb6 50. Kb3 f5 51. Kb4 Nf6 52. Kc5 Nfd7+ 53. Kd6 Nf8 54. Ne1
Kg7 55. Nd3 Nc4+ 56. Kc6 Nxe3 57. b6 Nc4 58. Ne5 Na5+ 59. Kc7 Kh6 60. b7 Nxb7
61. Kxb7 Ng6 62. Nxg6 Kxg6 63. Kc7 Kf7 64. Kd7 Kf6 65. h5 Kf7 66. h6 Kg6 67.
Kxe6 Kxh6 68. Kxf5 Kg7 69. Ke6 Kg6 70. f5+ Kg7 71. Ke7 Kg8 72. f6 Kh8 73. f7 Kg7
74. f8=Q+ Kg6 75. Qf6+ Kh7 76. Bd3+ Kg8 77. Qg6+ Kh8 78. Qh7# {Black checkmated}
1-0

[Event "Team 45 45 League T63"]
[Site "Internet Chess Club"]
[Date "2014.11.28"]
[Round "1"]
[White "xt"]
[Black "RightHandRook"]
[Result "1/2-1/2"]
[WhiteElo "1548"]
[BlackElo "1699"]
[Opening "Caro-Kann: exchange variation"]
[ECO "B13"]
[Time "13:05:10"]
[TimeControl "2700+45"]

1. e4 c6 2. d4 d5 3. exd5 cxd5 4. Bd3 Nf6 5. Bf4 Bg4 6. f3 Bh5 7. g4 Bg6 8. h4
Nc6 9. h5 Bxd3 10. Qxd3 Qb6 11. Nc3 Qxd4 12. Qxd4 Nxd4 13. O-O-O Ne6 14. Be3 Nc7
15. g5 Nd7 16. Nxd5 Nxd5 17. Rxd5 e6 18. Rd2 Bc5 19. Bxc5 Nxc5 20. Ne2 Rd8 21.
Rhd1 Rxd2 22. Kxd2 Ke7 23. Ke3 f6 24. f4 fxg5 25. fxg5 Rf8 26. Ng3 h6 27. g6 Nd7
28. Rd4 Nf6 29. c4 e5 30. Nf5+ Ke8 31. Nxg7+ Ke7 32. Nf5+ Ke6 33. Ng7+ Ke7 34.
Nf5+ Ke6 35. Ng7+ Ke7 36. Nf5+ Ke6 {Game drawn by repetition} 1/2-1/2

[Event "Team 45 45 League T63"]
[Site "Internet Chess Club"]
[Date "2014.11.29"]
[Round "1"]
[White "Chesscat9"]
[Black "mongmong"]
[Result "0-1"]
[WhiteElo "1626"]
[BlackElo "1608"]
[Opening "English opening"]
[ECO "A13"]
[Time "05:00:45"]
[TimeControl "2700+45"]

1. c4 e6 2. g3 Nf6 3. Bg2 d5 4. Nf3 d4 5. O-O Be7 6. b3 c5 7. Bb2 O-O 8. e3 dxe3
9. dxe3 Qxd1 10. Rxd1 Nc6 11. Nc3 a6 12. Na4 Nd7 13. Rd2 b5 14. cxb5 axb5 15.
Nc3 Rb8 16. Ne4 f5 17. Nd6 Bf6 18. Nxc8 Bxb2 19. Rxb2 Rbxc8 20. Rd1 Nde5 21.
Nxe5 Nxe5 22. f4 Ng4 23. Re2 Rfd8 24. Rde1 Nf6 25. e4 Rc7 26. e5 Nd5 27. Rd2
Rcd7 28. Rc1 Rc7 29. Rdc2 Rdc8 30. Kf2 Kf7 31. Bf1 b4 32. Rd1 Ke7 33. Bc4 Nc3
34. Rd3 Rc6 35. Ke3 Rd8 36. Rxd8 Kxd8 37. a3 Ke7 38. axb4 cxb4 39. Rc1 Nd5+ 40.
Kd4 Nb6 41. Ra1 Nxc4 42. bxc4 Rb6 43. Rb1 Kd7 44. c5 Rb5 45. Kc4 Kc6 46. Rxb4
Rxc5+ 47. Kd4 Rd5+ 48. Ke3 Rb5 49. Rxb5 Kxb5 50. Kf3 Kc4 51. h3 Kd4 52. g4 g6
53. h4 h5 54. g5 Kd3 55. Kf2 Ke4 56. Kg3 Ke3 57. Kg2 Kxf4 58. Kf2 Kxe5 {White
resigns} 0-1

[Event "Team 45 45 League T63"]
[Site "Internet Chess Club"]
[Date "2014.12.03"]
[Round "1"]
[White "craftsman49868"]
[Black "MetaGod"]
[Result "0-1"]
[WhiteElo "1605"]
[BlackElo "1610"]
[Opening "Caro-Kann: exchange variation"]
[ECO "B13"]
[Time "12:00:31"]
[TimeControl "2700+45"]

1. e4 c6 2. d4 d5 3. exd5 cxd5 4. Bd3 Nf6 5. c3 Bg4 6. Qb3 Qb6 7. Nd2 e6 8. h3
Bh5 9. Qc2 Nc6 10. Ngf3 Rc8 11. a3 Bd6 12. O-O a6 13. Re1 Qc7 14. Be2 Bg6 15.
Qd1 O-O 16. Nh4 e5 17. Nxg6 hxg6 18. dxe5 Nxe5 19. Nf3 Nc4 20. Bxc4 dxc4 21. Bg5
Rfe8 22. Bxf6 gxf6 23. Qc2 Bc5 24. Nd4 Qb6 25. Qa4 Red8 26. b4 Bxd4 27. cxd4
Qxd4 28. Rad1 Qc3 29. Rxd8+ Rxd8 30. Re8+ Rxe8 31. Qxe8+ Kg7 32. Qe3 Qxe3 33.
fxe3 c3 34. Kf1 c2 {White resigns} 0-1

[Event "Team 45 45 League T63"]
[Site "Internet Chess Club"]
[Date "2014.11.30"]
[Round "1"]
[White "jcule"]
[Black "oldsj"]
[Result "0-1"]
[WhiteElo "1455"]
[BlackElo "1543"]
[Opening "King's Indian: Smyslov system"]
[ECO "E61"]
[Time "13:00:34"]
[TimeControl "2700+45"]

1. d4 Nf6 2. c4 g6 3. Nc3 Bg7 4. Bg5 d6 5. Nf3 O-O 6. e3 h6 7. Bh4 c5 8. d5 Qc7
9. Be2 e6 10. O-O exd5 11. cxd5 Bf5 12. Bd3 Bxd3 13. Qxd3 Re8 14. Rab1 Nbd7 15.
Rfe1 a6 16. e4 b5 17. a3 Ng4 18. Bg3 Nge5 19. Nxe5 Nxe5 20. Bxe5 Bxe5 21. Qh3
Kh7 22. Qh4 Qe7 23. Qxe7 Rxe7 24. Re3 Rae8 25. g3 Bxc3 26. bxc3 Rxe4 27. Rxe4
Rxe4 28. Rc1 Re2 29. c4 Ra2 30. cxb5 axb5 31. Rc3 Rd2 32. Rf3 Kg7 {White
resigns} 0-1

[Event "Team 45 45 League T63"]
[Site "Internet Chess Club"]
[Date "2014.11.29"]
[Round "1"]
[White "rayonline53"]
[Black "sockbuf"]
[Result "0-1"]
[WhiteElo "1543"]
[BlackElo "1716"]
[Opening "Vienna gambit"]
[ECO "C29"]
[Time "13:00:08"]
[TimeControl "2700+45"]

1. e4 e5 2. Nc3 Nf6 3. f4 d5 4. exd5 exf4 5. Nf3 Nxd5 6. Bc4 Nxc3 7. bxc3 Bd6 8.
O-O O-O 9. d4 Bg4 10. a4 Nc6 11. Ba3 Bxa3 12. Rxa3 Qe7 13. Ra1 Qe3+ 14. Kh1 Qxc3
15. Bd3 Nb4 16. Bxh7+ Kh8 17. Bd3 Nxd3 18. cxd3 Rad8 19. Qe2 Rfe8 20. Qf2 Bxf3
21. Qxf3 Qxd4 22. Qxb7 Re7 23. Rac1 Qxd3 24. Qxa7 Rde8 25. Qf2 g5 26. Qb2+ Kg8
27. Qf6 Re5 28. h4 R8e6 {White resigns} 0-1